 Dungeon Crawl Stone Soup version 0.27.1-34-g3ba077fa99 (webtiles) character file.

Game seed: 10408098871396485882

72 chibimon the Conjurer (level 4, -1/33 HPs)
             Began as a Draconian Conjurer on Jan 4, 2022.
             Killed from afar by Sigmund (5 damage)
             ... with a puff of flame
             ... on level 2 of the Dungeon.
             The game lasted 00:07:15 (3137 turns).

chibimon the Conjurer (Draconian Conjurer)          Turns: 3137, Time: 00:07:15

Health: -1/33      AC:  5    Str: 10    XL:     4   Next: 6%
Magic:  8/8        EV: 12    Int: 19    God:
Gold:   64         SH:  0    Dex:  9    Spells: 5/8 levels left

rFire    . . .     SeeInvis .   g - staff of cold
rCold    + . .     Faith    .   (no shield)
rNeg     . . .     Spirit   .   (armour unavailable)
rPois    .         Reflect  .   (helmet restricted)
rElec    .         Harm     .   (no cloak)
rCorr    .         Rampage  .   (no gloves)
Will     .....                  (no boots)
Stlth    +.........             (no amulet)
HPRegen  0.11/turn              (no ring)
MPRegen  0.11/turn              (no ring)

@: confused
A: AC +5, unfitting armour, cold-blooded
a: no special abilities


You were on level 2 of the Dungeon.
You visited 1 branch of the dungeon, and saw 3 of its levels.

You collected 64 gold pieces.

Inventory:

Hand Weapons
 a - a +0 vampiric dagger
 f - a +0 dagger of flaming
Magical Staves
 g - a staff of cold (weapon)
Wands
 k - a wand of iceblast (10)
Scrolls
 b - a scroll of identify {unknown}
 i - a scroll of noise {unknown}
 j - a scroll of blinking {unknown}
Potions
 c - 2 potions of curing {unknown}
 d - a potion of resistance {unknown}
 e - a potion of cancellation {unknown}
 h - a potion of lignification {unknown}


   Skills:
 + Level 2.4 Dodging
 + Level 2.5 Stealth
 + Level 2.6 Spellcasting
 + Level 4.4 Conjurations


You had 5 spell levels left.
You knew the following spells:

 Your Spells              Type           Power      Damage    Failure   Level
a - Magic Dart            Conj           76%        1d6       2%          1
b - Searing Ray           Conj           38%        3d4       3%          2

Your spell library contained the following spells:

 Spells                   Type           Power      Damage    Failure   Level
 Dazzling Flash           Conj/Hex       20%        N/A       19%         3
 Fulminant Prism          Conj/Hex       5%         3d7       54%         4
 Iskenderun's Mystic Bla  Conj/Tloc      10%        2d4       54%         4


Dungeon Overview and Level Annotations

Branches:
Dungeon (3/15)

Altars:

Annotations:
D:2 1 runed translucent door, Crazy Yiuf, Sigmund


Innate Abilities, Weirdness & Mutations

Your plain brown scales are hard. (AC +5)
You cannot fit into any form of body armour.
You are cold-blooded and may be slowed by cold attacks.


Message History

Press: ? - help, v - describe, . - travel A stone wall.
Unknown command.
There is an open door here.
There is a stone staircase leading down here.
You climb downwards.
Found 8 gold pieces.
Found a stone staircase leading down.
There is a stone staircase leading up here.
Sigmund hits you with a +2 scythe of protection!
You climb upwards.
Level annotation: 1 runed translucent door, Crazy Yiuf
There is a stone staircase leading down here.
Sigmund casts a spell at you. The magic dart hits you.
Sigmund giggles. "Time to reap what you sow."
Sigmund points at you and mumbles some strange words.
You are confused.
Sigmund breathes a few words.
Sigmund's hands start flickering wildly.
You are too confused!
You are too confused!
Sigmund hits you from afar with a +2 scythe of protection!
* * * LOW HITPOINT WARNING * * *
Sigmund casts a spell at you. The magic dart hits you.
* * * LOW HITPOINT WARNING * * *
You're too confused to move!
You feel less confused.
Sigmund points at you and mumbles some strange words.
You resist with some effort. Sigmund casts a spell at you.
You are confused.
Sigmund gestures at you while chanting. You resist with some effort.
You're too confused to move!
Sigmund casts a spell at you.
You are more confused.
Sigmund points at you and mumbles some strange words.
The puff of flame hits you.
You die...

##P.....# #......#
#.... ##P....# #......#
#.... #####'####......#
#.... #....##......#
#.... #....##......#
#....
######....##......#
#....
#.........#####..@#
#.... #.†.......# #...#
#.... #(.†[.....# #.@.#
#.... #.........# #...#
#....
#.........#####...#####
#....
#.........'...........#
#....
#....)....#####...###.#
####.... #.........#
#...# #.# #.......
########### #...# #.#
#.###### #...# #.####.#
##### #......#


You could see Sigmund.

Vanquished Creatures
  An adder (D:2)
  2 worms (D:2)
  4 endoplasms
  5 giant cockroaches
  2 goblins (D:2)
  2 hobgoblins
  5 jackals (D:1)
  12 kobolds
  A quokka (D:1)
  6 ball pythons
  7 bats
  4 frilled lizards (D:2)
  3 rats
54 creatures vanquished.

Notes
Turn   | Place    | Note
-------+----------+-------------------------------------------
     0 | D:1      | chibimon the Draconian Conjurer began the quest for the
                  | Orb.
     0 | D:1      | Reached XP level 1. HP: 14/14 MP: 3/3
   383 | D:1      | Reached XP level 2. HP: 9/20 MP: 1/5
  1336 | D:1      | Learned a level 2 spell: Searing Ray
  1361 | D:1      | Reached XP level 3. HP: 26/26 MP: 1/6
  2656 | D:2      | Found a faded altar of an unknown god.
  2814 | D:2      | Reached XP level 4. HP: 26/33 MP: 3/8
  2992 | D:2      | Found a runed translucent door.
  2993 | D:2      | Noticed Crazy Yiuf
  3114 | D:3      | Noticed Sigmund
  3137 | D:2      | Killed from afar by Sigmund

Illustrated notes

Levels and vault maps discovered:
D:1:      psy_arrival_basics, layout_basic
D:2:      minmay_kobold_bridge, layout_basic, basic_ecumenical_altar,
          uniq_crazy_yiuf_cottage
D:3:      layout_loops_ring, elyvilon_altar_5,
          mainiacjoe_overflow_catwalk_spiral, uniq_sigmund, uniq_natasha,
          uniq_jessica

Skill      XL: |  1 |
---------------+----+-----
Dodging        | 2 |  2.4
Stealth        | 2 |  2.5
Spellcasting   | |  2.6
Conjurations   | |  4.4

Action                   |  1- 3 |  4- 6 || total
-------------------------+-------+-------++-------
Melee: Short sword       |    84 |       ||    84
       Tailslap          |    12 |       ||    12
       Staff             |    33 |     5 ||    38
       Dagger            |    15 |       ||    15
 Cast: Magic Dart        |    46 |       ||    46
       Searing Ray       |     5 |       ||     5
 Stab: Sleeping          |     2 |     1 ||     3
Armor: Skin              |    51 |     2 ||    53
Dodge: Dodged            |    89 |     2 ||    91
